 Dungeon Crawl Stone Soup version 0.30-a0-702-gdf48620a09 (webtiles) character file.

Game seed: 13445182867905869684

377 avis the Shooter (level 6, -1/51 HPs)
             Began as a Demigod Hunter on Jan 22, 2023.
             Slain by a killer bee (5 damage)
             ... on level 5 of the Dungeon.
             The game lasted 00:15:44 (3773 turns).

avis the Shooter (Demigod Hunter)                   Turns: 3773, Time: 00:15:44

Health: -1/51      AC:  5    Str: 12    XL:     6   Next: 20%
Magic:  8/8        EV: 19    Int: 11    God:
Gold:   219        SH:  5    Dex: 25    Spells: 5/5 levels left

rFire   . . .      SeeInvis +    a - +0 shortbow
rCold   . . .      Faith    .    (shield currently unavailable)
rNeg    . . .      Spirit   .    c - +0 leather armour
rPois   .          Reflect  +    (helmet restricted)
rElec   .          Harm     .    (no cloak)
rCorr   .          Rampage  .    u - +0 pair of gloves
Will    .....                    d - +0 pair of boots
Stlth   ++                       f - amulet of reflection
HPRegen 0.28/turn                k - +5 ring of evasion
MPRegen 0.11/turn                v - ring of see invisible

@: mighty, lethally poisoned (-1 -> -4)
A: high MP 1, forlorn, divine attributes, horns 1, mutation resistance 1
a: no special abilities


You were on level 5 of the Dungeon.
You visited 2 branches of the dungeon, and saw 6 of its levels.

You collected 219 gold pieces.

Inventory:

Hand Weapons
 a - a +0 shortbow (weapon)
 b - a +3 dagger of venom
 e - a +0 short sword
 B - a +0 long sword
Armour
 c - a +0 leather armour (worn)
 d - a +0 pair of boots (worn)
 u - a +0 pair of gloves (worn)
Magical Staves
 C - a staff of cold
Jewellery
 f - an amulet of reflection (around neck)
 k - a +5 ring of evasion (left hand)
 v - a ring of see invisible (right hand)
 x - a ring of flight
 z - a ring of protection from cold
 A - a ring of flight
Wands
 y - a wand of flame (22)
Scrolls
 i - a scroll of enchant weapon {unknown}
 l - a scroll of poison {unknown}
 m - 2 scrolls of enchant armour {unknown}
 o - 2 scrolls of amnesia {unknown}
 q - a scroll of teleportation {unknown}
 w - a scroll of torment {unknown}
Potions
 g - a potion of might
 h - a potion of magic
 j - a potion of invisibility {unknown}
 n - a potion of mutation
 p - a potion of brilliance {unknown}
 r - 2 potions of attraction {unknown}
 s - a potion of cancellation {unknown}
 t - a potion of haste {unknown}


   Skills:
 - Level 3.0 Fighting
 * Level 5.3 Ranged Weapons
 - Level 4.0 Dodging
 - Level 2.0 Stealth


You had 5 spell levels left.
You didn't know any spells.
Your spell library was empty.

Dungeon Overview and Level Annotations

Branches:
Dungeon (5/15)             Temple (1/1) D:4

Shops:
D:5 [

Annotations:
D:2 Sigmund


Innate Abilities, Weirdness & Mutations

You have an increased reservoir of magic. (+10% MP)
You shall have no god before yourself.
Your divine heritage dramatically boosts your attributes as you level up.
You have a pair of small horns on your head.
You are somewhat resistant to further mutation.


Message History

You feel sick. You block the killer bee's attack. The killer bee stings you.
You see here an adder corpse.
The killer bee attacks as you move away!
The killer bee stings you.
You feel sick. The killer bee barely misses you. x2
The killer bee attacks as you move away!
You block the killer bee's attack.
You feel sick. The killer bee stings you.
The killer bee stings you but does no damage.
The killer bee barely misses you.
The killer bee stings you but does no damage.
The killer bee attacks as you move away!
The killer bee misses you.
You feel sick. The killer bee closely misses you. The killer bee misses you.
You block the killer bee's attack.
The killer bee attacks as you move away!
You block the killer bee's attack.
You feel sick. The killer bee stings you.
You are more poisoned.
The killer bee poisons you! The killer bee stings you.
* * * LOW HITPOINT WARNING * * *
There is an open door, spattered with blood here.
It was a potion of might.
You feel very mighty all of a sudden.
* * * LOW HITPOINT WARNING * * *
You feel very sick.
The killer bee stings you but does no damage.
The killer bee attacks as you move away!
The killer bee misses you.
The killer bee attacks as you move away!
The killer bee misses you.
* * * LOW HITPOINT WARNING * * *
You feel sick. The killer bee misses you.
The killer bee attacks as you move away!
The killer bee misses you.
* * * LOW HITPOINT WARNING * * *
You feel sick. The killer bee completely misses you.
You feel sick. You block the killer bee's attack.
It was a potion of magic.
Magic courses through your body.
You feel sick.
The killer bee completely misses you. x2
It was a potion of mutation.
You feel extremely strange.
You feel genetically stable. A pair of horns grows on your head!
You feel sick. The killer bee stings you.
You die...

#......................#
#......................##
#..................[....#
........................#
.$.......†............∩.#
............y...##+##...#
................#.<....##
.........####y###......#
.........#...yyy@......#
.........#....y##.....##
.........#.....########
.........#......
.........#.......
.........#.......
.........#........
.........#....###.
.........#


You could see 5 killer bees.

Vanquished Creatures
  3 hounds
  An orc priest (D:4)
  Ijyb (D:5)
  2 orc wizards (D:4)
  An iguana (D:5)
  4 adders
  A gnoll (D:3)
  A white imp (D:4)
  4 worms
  2 dart slugs
  7 orcs
  4 ball pythons
  6 bats
  4 endoplasms
  2 giant cockroaches (D:4)
  6 goblins
  7 hobgoblins
  8 jackals
  4 quokkas
  6 frilled lizards
  7 kobolds
  A rat (D:1)
82 creatures vanquished.

Vanquished Creatures (others)
  A fungus (D:1)
1 creature vanquished.

Grand Total: 83 creatures vanquished

Notes
Turn   | Place    | Note
-------+----------+-------------------------------------------
     0 | D:1      | avis the Demigod Hunter began the quest for the Orb.
     0 | D:1      | Reached XP level 1. HP: 17/17 MP: 3/3
    18 | D:1      | Reached skill level 1 in Stealth
   213 | D:1      | Reached XP level 2. HP: 24/24 MP: 4/4
  1267 | D:2      | Reached XP level 3. HP: 25/29 MP: 5/5
  1618 | D:2      | Noticed Sigmund
  2367 | D:3      | Reached skill level 4 in Ranged Weapons
  2367 | D:3      | Reached XP level 4. HP: 37/37 MP: 6/6
  2602 | D:4      | Reached XP level 5. HP: 39/44 MP: 7/7
  2913 | D:4      | Found a staircase to the Ecumenical Temple.
  2921 | Temple   | Entered the Ecumenical Temple
  3477 | D:5      | Entered Level 5 of the Dungeon
  3488 | D:5      | Reached skill level 5 in Ranged Weapons
  3488 | D:5      | Reached XP level 6. HP: 51/51 MP: 8/8
  3572 | D:5      | Found Axomn's Armour Emporium.
  3593 | D:5      | Noticed Ijyb
  3612 | D:5      | Killed Ijyb
  3773 | D:5      | Gained mutation: You are somewhat resistant to further
                  | mutation. [potion of mutation]
  3773 | D:5      | Gained mutation: You have a pair of small horns on your
                  | head. [potion of mutation]
  3773 | D:5      | Slain by a killer bee

Illustrated notes

Levels and vault maps discovered:
D:1:      mrwooster_arrival_statue_3, layout_basic,
          dreamdust_ecumenical_altar_hidden_monk_grotto
D:2:      layout_loops_corners, uniq_sigmund
D:3:      layout_basic, cheibrodos_gnoll_hut
D:4:      layout_loops_ring, okawaru_gym_becter,
          mainiacjoe_overflow_catch_the_wave,
          minmay_temple_entry_drinking_statues
D:5:      layout_gridville, mainiacjoe_overflow_catwalk, serial_shops, shop,
          shop_coins, nicolae_shop_advertising_works
          [nicolae_subvault_shop_adworks], shop_coins, uniq_prince_ribbit1,
          uniq_ijyb
Temple:   nicolae_temple_bog_church

Skill      XL: |  1  2  3  4  5 |
---------------+----------------+-----
Stealth        | 1 2 |  2.0
Dodging        | 2 3 4 |  4.0
Fighting       | 2 3 |  3.0
Ranged Weapons | 4 5 |  5.3

Action                   |  1- 3 |  4- 6 || total
-------------------------+-------+-------++-------
Melee: Dagger            |       |     3 ||     3
 Fire: Shortbow          |   153 |   144 ||   297
  Use: Potion            |       |     3 ||     3
Armor: Leather armour    |    27 |    14 ||    41
Dodge: Dodged            |    50 |    82 ||   132
Block: Other             |    18 |    23 ||    41

Table legend: (Time is in decaauts)
 A = Elapsed time spent in this place.
 B = Non-inter-level travel time spent in this place.
 C = Inter-level travel time spent in this place.
 D = Time resting spent in this place.
 E = Time spent auto-exploring this place.
 F = Levels seen in this place.
 G = Mean time per level.
                   A        B        C        D        E       F      G
               +--------+--------+--------+--------+--------+-----+--------+
         Total |   3871 |   3517 |    354 |    326 |   2347 |   6 |  645.2 |
       Dungeon |   3867 |   3513 |    354 |    326 |   2347 |   5 |  773.4 |
        Temple |      4 |      4 |      0 |      0 |      0 |   1 |    4.0 |
               +--------+--------+--------+--------+--------+-----+--------+

Top non-repeatable levels by time:
     D:1: 1140 daAuts
     D:4: 1035 daAuts
     D:2: 951 daAuts
     D:3: 595 daAuts
     D:5: 144 daAuts
  Temple: 4 daAuts
